 Dungeon Crawl Stone Soup version 0.27.0-1-g7a089689b8 (webtiles) character file.

Game seed: 17683836627662872664

58 hawla the Sneak (level 3, -1/22 HPs)
             Began as a Deep Elf Delver on Aug 5, 2021.
             Slain by an orc (9 damage)
             ... on level 6 of the Dungeon.
             The game lasted 00:01:48 (108 turns).

hawla the Sneak (Deep Elf Delver)                    Turns: 108, Time: 00:01:49

Health: -1/22      AC:  3    Str:  9    XL:     3   Next: 75%
Magic:  5/5        EV: 12    Int: 15    God:
Gold:   0          SH:  0    Dex: 16    Spells: 2/2 levels left

rFire    . . .     SeeInvis .   a - +0 short sword
rCold    . . .     Faith    .   (no shield)
rNeg     . . .     Spirit   .   b - +0 leather armour
rPois    .         Reflect  .   (no helmet)
rElec    .         Harm     .   (no cloak)
rCorr    .         Rampage  .   (no gloves)
Will     .....                  (no boots)
Stlth    +++.......             (no amulet)
HPRegen  0.07/turn              (no ring)
MPRegen  0.09/turn              (no ring)

@: no status effects
A: no striking features
a: no special abilities


You were on level 6 of the Dungeon.
You visited 1 branch of the dungeon, and saw 2 of its levels.

Inventory:

Hand Weapons
 a - a +0 short sword (weapon)
Armour
 b - a +0 leather armour (worn)
Wands
 g - a wand of digging (3)
Scrolls
 c - a scroll of fog
Potions
 f - a potion of haste


   Skills:
 + Level 2.9 Fighting
 + Level 2.6 Short Blades
 - Level 3.0 Dodging
 + Level 6.5 Stealth
 - Level 0.1 Spellcasting
 - Level 0.1 Necromancy
 - Level 0.5 Evocations


You had 2 spell levels left.
You didn't know any spells.
Your spell library was empty.

Dungeon Overview and Level Annotations

Branches:
Dungeon (6/15)
 Temple: D:4-7

Altars:


Message History

Found 22 stones.
You see here a +0 scale mail.
An orc priest comes into view. It is wielding a +0 hand axe.
You barely miss the orc. The orc barely misses you.
You hit the orc.
The orc is severely wounded.
The orc barely misses you.
You hit the orc but do no damage.
The orc is severely wounded.
The orc hits you with a +0 hand axe.
You hit the orc.
You kill the orc!
You open the door.
A white imp comes into view.
An ogre comes into view. It is wielding a +0 giant club.
Found a fuming sapphire potion.
There is an open door here.
The white imp shouts, "Slither home, thou defiled limp-willed whip-jack!"
You close the door.
The ogre shouts!
You hear a shout! x3
As you read the scroll of magic mapping, it crumbles to dust.
You feel aware of your surroundings.
You sensed 1 altar.
As you read the scroll of fear, it crumbles to dust.
You assume a fearsome visage.
The ogre looks frightened!
The white imp is unaffected.
The white imp puffs mist at you. The white imp gestures at you.
The puff of frost hits you. The white imp gestures at you.
The puff of frost misses you.
The orc priest shouts!
The white imp gestures at you. The puff of frost misses you.
An orc comes into view. It is wielding a +0 flail.
The orc shouts!
You hit the orc but do no damage. The orc hits you with a +0 dagger.
The orc hits you with a +0 flail!
A necrophage comes into view.
The orc hits you with a +0 flail!
You die...

*,,,,,* ###...#######†.# *,,,,,*
##.##......... ***,,,,,********
#....##<..... ,,+,,,,,+,,,,,,*
#####.#####...
***,,,,,****,#,#####.....#####...
,,,,,,,,+,,#,#.#....o........#.#.
,*,,,,,,*###.#.#.o####.#.........
,,,,,,,,*#......o.# #.#.#######.
,,,,,,,,**.#....@## #...........
,,,,,,,,+........# #oo....5....
,,,,,,,,*#.#...#.# #.#.##......
,,,*,*,,,.....n#.#####.#[##......
,,,,,,,,,.....,#≈.(........#+###.
,,,*,,,,,..##.,.≈..........).#,,,
,,,*,*,**#*<.,,≈≈.o##..#.###.#,,,
,,,,,,,,,,,<.,,≈≈.........,....,_
,,**+*,,*****,≈,≈..##!o..#####...


You could see a necrophage (wandering) and 2 orcs.

Vanquished Creatures
  A scorpion (D:6)
  An orc (D:6)
2 creatures vanquished.

Notes
Turn   | Place    | Note
-------+----------+-------------------------------------------
     0 | D:5      | hawla the Deep Elf Delver began the quest for the Orb.
     0 | D:5      | Reached XP level 1. HP: 13/13 MP: 3/3
     7 | D:5      | Noticed an ogre
    41 | D:6      | Noticed a scorpion
    44 | D:6      | Killed a scorpion
    45 | D:6      | Reached XP level 2. HP: 18/18 MP: 4/4
    45 | D:6      | Reached XP level 3. HP: 22/22 MP: 5/5
    77 | D:6      | Noticed an ogre
    89 | D:6      | Noticed an ogre
   107 | D:6      | Noticed a necrophage
   108 | D:6      | Slain by an orc

Illustrated notes

Levels and vault maps discovered:
D:5:      layout_basic, mainiacjoe_overflow_alcove_1, overflow_temple_1_default,
          nicolae_ashenzari_skybound, uniq_sigmund
D:6:      layout_basic, nicolae_kikubaaqudgha_miasma_corner, serial_rivers,
          chequers_serial_rivers_micro_a, chequers_serial_rivers_micro_e,
          chequers_serial_rivers_micro_b, chequers_serial_rivers_small_3

Skill      XL: |  1 |
---------------+----+-----
Dodging        | 3 |  3.0
Fighting       | |  2.9
Short Blades   | |  2.6
Stealth        | |  6.5
Spellcasting   | |  0.1
Necromancy     | |  0.1
Evocations     | |  0.5

Action                   || total
-------------------------++-------
Melee: Short sword       ||     6
  Use: Scroll            ||     2
 Stab: Sleeping          ||     1
Dodge: Dodged            ||     4
